 Dungeon Crawl Stone Soup version 0.18-a0-1577-gf591c28 (webtiles) character file.

52 dvd the Scratcher (level 3, 0/15 HPs)
             Began as a Felid Transmuter on Mar 20, 2016.
             Succumbed to an adder's poison
             ... on level 2 of the Dungeon.
             The game lasted 00:04:40 (1251 turns).

dvd the Scratcher (Felid Transmuter)                Turns: 1251, Time: 00:04:40

Health: 0/15       AC:  2    Str:  5 (6)  XL:     3   Next: 60%
Magic:  4/7        EV: 22    Int: 13 (15) God:
Gold:   60         SH:  0    Dex: 20 (21) Spells: 2 memorised, 3 levels left
                                        Lives:  0   Deaths: 0

rFire  . . .     SeeInvis +       - Unarmed
rCold  . . .     Gourm    .     (armour unavailable)
rNeg   . . .     Faith    .     (shield unavailable)
rPois  x         Spirit   .     (helmet unavailable)
rElec  .         Dismiss  .     (cloak unavailable)
rCorr  .         Reflect  .     (gloves unavailable)
SustAt .         Harm     .     (boots unavailable)
MR     .....                    (no amulet)
Stlth  ++........               (no ring)
                                (no ring)

@: lethally poisoned (0 -> -14), spider-form, very slightly contaminated, not
resistant to hostile enchantments, unstealthy
A: no armour, no weapons or thrown items, (claws 0), (fangs 0), see invisible,
carnivore 3, (speed 0), (shaggy fur 0), slow metabolism 1, (sharp paws)
a: End Transformation


You were on level 2 of the Dungeon.
You were completely stuffed.
You were a venomous arachnid creature.
You visited 1 branch of the dungeon, and saw 2 of its levels.

You collected 60 gold pieces.

Inventory:

Missiles
 a - 38 arrows
 g - 38 stones
Scrolls
 d - a scroll of recharging {unknown}
 f - a scroll of enchant armour {unknown}
 h - a scroll of fear {unknown}
 i - a scroll of identify {unknown}
 l - a scroll of remove curse {unknown}
Potions
 e - a potion of brilliance {unknown}
Books
 b - a book of Changes

   Spells                             Type                      Level
   a - Beastly Appendage              Transmutation                1
   b - Sticks to Snakes               Transmutation                2
   c - Spider Form                    Transmutation/Poison         3
   d - Ice Form                       Ice/Transmutation            4
   e - Blade Hands                    Transmutation                5
Comestibles
 c - a meat ration
 k - 2 chunks of flesh


   Skills:
 + Level 1.1 Fighting
 + Level 3.2 Dodging
 + Level 1.1 Stealth
 + Level 3.5 Unarmed Combat
 + Level 2.5 Spellcasting
 + Level 2.6 Transmutations


You had 3 spell levels left.
You knew the following spells:

 Your Spells              Type           Power        Failure   Level  Hunger
a - Beastly Appendage     Trmt           #.....       24%         1    #......
b - Spider Form           Trmt/Pois      #.........   73%         3    ###....


Dungeon Overview and Level Annotations

Branches:
Dungeon (2/15)

Altars:
Ashenzari


Innate Abilities, Weirdness & Mutations

You cannot wear armour.
You are incapable of wielding weapons or throwing items.
((You have sharp claws.))
((You have razor-sharp teeth.))
You have supernaturally acute eyesight.
You are carnivorous and can eat meat at any time.
((You cover ground quickly.))
((You are covered in fur (AC +1).))
You have a slow metabolism.
((Your sharp claws are effective at attacking unaware monsters.))


Message History

Your horns disappear.
The adder completely misses you. The adder barely misses you.
You scratch the adder but do no damage.
The adder is severely wounded.
The adder bites you.
Casting: Beastly Appendage
Confirm with . or Enter, or press ? or * to list all spells.
You turn into a venomous arachnid creature.
The adder bites you.
You are lethally poisoned!
The adder poisons you!
You hit the adder.
The adder is almost dead.
You feel sick. The adder bites you.
* * * LOW HITPOINT WARNING * * *
Drink which item? (? for menu, Esc to quit)
It was a potion of degeneration.
There was something very wrong with that liquid.
You feel weakened.
You feel dopey.
You feel clumsy.
You die...

#.#.## ....
#..#รท######.#. ....
#.###.......#. ...
##.#.########. #.b ##.##
#. #..#######.# #.
..###..........#########.
.......####...........##.
.......Ss...#########.#..
.......###### #...#
.%..... #..## .....#.
#...# .....#. #.#.. ....
#. #.### ..# #.
########.# ## #.
.........# ########.#


You could see an adder.

Vanquished Creatures
  An adder (D:2)
  3 oozes (D:1)
  A worm (D:2)
  A giant gecko (D:2)
  8 bats
  A goblin (D:1)
  4 hobgoblins
  2 giant newts (D:1)
  A kobold (D:2)
  6 rats
28 creatures vanquished.

Notes
Turn   | Place    | Note
--------------------------------------------------------------
     0 | D:1      | dvd the Felid Transmuter began the quest for the Orb.
     0 | D:1      | Reached XP level 1. HP: 9/9 MP: 4/4
   234 | D:1      | Reached XP level 2. HP: 12/12 MP: 4/6
   276 | D:1      | Found a shattered altar of Ashenzari.
   577 | D:1      | Reached XP level 3. HP: 10/15 MP: 7/7
   711 | D:1      | Learned a level 3 spell: Spider Form
  1141 | D:2      | Reached skill level 1 in Stealth
  1251 | D:2      | Succumbed to an adder's poison

Vault maps used:
D:1:      onia_arrival_pentagram, ashenzari_altar_1
D:2:      gammafunk_temple_overflow_wave, led_sif_pool

Skill      XL: |  1  2  3 |
---------------+----------+-----
Dodging        | 3 |  3.2
Stealth        | 1 |  1.1
Fighting       | |  1.1
Unarmed Combat | |  3.5
Spellcasting   | |  2.5
Transmutations | |  2.6

Action                   || total
-------------------------++-------
Melee: Unarmed           ||    91
 Cast: Beastly Appendage ||    19
       Spider Form       ||     3
  Use: Potion            ||     1
 Stab: Sleeping          ||     2
  Eat: Chunk             ||     9
